 Dungeon Crawl Stone Soup version 0.26-a0-812-g31a745ddcd (webtiles) character file.

Game seed: 17051709283516052796

46 kae the Insei (level 3, 0/20 HPs)
             Began as a Tengu Transmuter on Nov 18, 2020.
             Succumbed to miscasting Spider Form's poison
             ... on level 2 of the Dungeon.
             The game lasted 00:00:40 (1202 turns).

kae the Insei (Tengu Transmuter)                    Turns: 1202, Time: 00:00:41

Health: 0/20       AC:  2    Str: 11    XL:     3   Next: 68%
Magic:  4/7        EV: 12    Int: 13    God:
Gold:   50         SH:  0    Dex: 14    Spells: 2/6 levels left

rFire    . . .     SeeInvis .     - Unarmed
rCold    . . .     Faith    .   (no shield)
rNeg     . . .     Spirit   .   a - +0 robe
rPois    .         Reflect  .   (helmet currently unavailable)
rElec    .         Harm     .   (no cloak)
rCorr    .         Rampage  .   (no gloves)
MR       .....                  (boots unavailable)
Stlth    +.........             (no amulet)
HPRegen  0.06/turn              (no ring)
MPRegen  0.10/turn              (no ring)

@: lethally poisoned (0 -> -9), appendages (expiring), very slightly
contaminated
A: beak, horns 2, talons 3
a: End Transformation


You were on level 2 of the Dungeon.
You had grown temporary horns.
You visited 1 branch of the dungeon, and saw 2 of its levels.

You collected 50 gold pieces.

Inventory:

Armour
 a - a +0 robe (worn)
Jewellery
 d - an uncursed ring of protection from fire {unknown}
Scrolls
 b - a scroll of identify {unknown}
 c - a scroll of magic mapping {unknown}


   Skills:
 - Level 1.0 Fighting
 - Level 2.1 Dodging
 + Level 3.9 Unarmed Combat
 - Level 2.0 Spellcasting
 * Level 2.8 Transmutations


You had 2 spell levels left.
You knew the following spells:

 Your Spells              Type           Power        Failure   Level
a - Beastly Appendage     Tmut           #.....       9%          1
b - Spider Form           Tmut/Pois      #.........   41%         3

Your spell library contained the following spells:

 Spells                   Type           Power        Failure   Level
 Wereblood                Tmut           #.......     12%         2
 Ice Form                 Ice/Tmut       #.......     82%         4
 Blade Hands              Tmut           #.........   92%         5


Dungeon Overview and Level Annotations

Branches:
Dungeon (2/15)

Altars:


Innate Abilities, Weirdness & Mutations

You have a beak for a mouth.
You have claws for feet.
You have a pair of horns on your head.


Message History

Found a scroll labelled XOTSAANAPT.
Your transformation is almost over.
The bat closely misses you. The hobgoblin closely misses you. The bat hits you.
The jackal closely misses you. The bat hits you but does no damage.
The bat barely misses you. The bat closely misses you.
The jackal closely misses you. The bat hits you. The bat hits you.
Casting: Beastly Appendage (safe; 9% risk of failure)
Confirm with . or Enter, or press ? or * to list all spells.
The spell is potentially lethal to cast (41% risk of failure)!
Continue anyway? [Y]es or [N]o only, please.
The spell is potentially lethal to cast (41% risk of failure)!
Continue anyway?
You miscast Spider Form.
You are very lightly contaminated with residual magic.
You feel odd!
You are poisoned.
* * * LOW HITPOINT WARNING * * *
You die...

#### ...##
...## ..# #..##
....# #@.#
?...# ##b##
....#
####hg##....#
##..lr.......#
##........####
#..........#
#..........#
#..........#
.........(..###


You could see a jackal, a hobgoblin, a bat and a rat.

Vanquished Creatures
  2 oozes (D:1)
  2 dart slugs (D:1)
  2 ball pythons (D:1)
  5 giant cockroaches (D:1)
  3 goblins (D:1)
  3 hobgoblins (D:1)
  A jackal (D:1)
  5 kobolds
  A quokka (D:2)
  3 bats (D:1)
  A frilled lizard (D:2)
  5 rats
33 creatures vanquished.

Notes
Turn   | Place    | Note
-------+----------+-------------------------------------------
     0 | D:1      | kae the Tengu Transmuter began the quest for the Orb.
     0 | D:1      | Reached XP level 1. HP: 12/12 MP: 4/4
   131 | D:1      | Reached XP level 2. HP: 14/16 MP: 4/6
   409 | D:1      | Reached XP level 3. HP: 20/20 MP: 5/7
  1156 | D:2      | Noticed a bullfrog
  1182 | D:2      | Learned a level 3 spell: Spider Form
  1202 | D:2      | HP: 1/20 [something (9)]
  1202 | D:2      | Succumbed to miscasting Spider Form's poison

Illustrated notes

Levels and vault maps discovered:
D:1:      dpeg_arrival_prison, layout_rooms, minmay_crystal_room,
          due_unseen_surprise
D:2:      layout_rooms, uniq_sigmund

Skill      XL: |  1 |
---------------+----+-----
Transmutations | 2 |  2.8
Fighting       | |  1.0
Dodging        | |  2.1
Unarmed Combat | |  3.9
Spellcasting   | |  2.0

Action                   || total
-------------------------++-------
Melee: Unarmed           ||    56
       Kick              ||    14
       Headbutt          ||     4
       Peck              ||     9
 Cast: Beastly Appendage ||    20
  Use: Potion            ||     1
Armor: Robe              ||    18
Dodge: Dodged            ||    65

Table legend: (Time is in decaauts)
 A = Elapsed time spent in this place.
 B = Non-inter-level travel time spent in this place.
 C = Inter-level travel time spent in this place.
 D = Time resting spent in this place.
 E = Time spent auto-exploring this place.
 F = Levels seen in this place.
 G = Mean time per level.
                   A        B        C        D        E       F      G
               +--------+--------+--------+--------+--------+-----+--------+
         Total |   1199 |   1176 |     23 |      0 |    984 |   2 |  599.5 |
       Dungeon |   1199 |   1176 |     23 |      0 |    984 |   2 |  599.5 |
               +--------+--------+--------+--------+--------+-----+--------+

Top non-repeatable levels by time:
     D:1: 1168 daAuts
     D:2: 30 daAuts
